 Dungeon Crawl Stone Soup version 0.18-a0-1702-gd20c6a5 (webtiles) character file.

100 Oddball22 the Sneak (level 4, 0/23 HPs)
             Began as a Vine Stalker Assassin on Apr 6, 2016.
             Succumbed to an adder's poison
             ... on level 3 of the Dungeon.
             The game lasted 00:05:13 (2433 turns).

Oddball22 the Sneak (Vine Stalker Assassin)         Turns: 2433, Time: 00:05:14

Health: 0/23       AC:  3    Str: 13    XL:     4   Next: 74%
Magic:  7/7        EV: 11    Int: 11    God:
Gold:   162        SH:  0    Dex: 17    Spells: 0 memorised, 5 levels left

rFire  . . .     SeeInvis .     r - +0 dagger (flame)
rCold  . . .     Gourm    .     c - +0 robe
rNeg   . . .     Faith    .     (no shield)
rPois  .         Spirit   +     t - +0 hat
rElec  .         Dismiss  .     d - +0 cloak
rCorr  .         Reflect  .     (no gloves)
SustAt +         Harm     +     (no boots)
MR     .....                    m - amulet of harm
Stlth  ++++......               (no ring)
                                q - ring of sustain attributes

@: lethally poisoned (0 -> -1), not resistant to hostile enchantments, stealthy
A: fangs 2, regeneration 1, magic shield, antimagic bite, no device heal 3, rot
immunity
a: no special abilities


You were on level 3 of the Dungeon.
You were not hungry.

You visited 1 branch of the dungeon, and saw 3 of its levels.

You collected 162 gold pieces.

Inventory:

Hand Weapons
 a - a +2 dagger
 b - a +0 blowgun
 r - a +0 dagger of flaming (weapon)
Missiles
 e - 20 poisoned needles
 f - 2 curare-tipped needles
 j - 24 bolts
 y - 2 needles of paralysis
Armour
 c - a +0 robe (worn)
 d - a +0 cloak (worn)
 t - a +0 hat (worn)
Jewellery
 m - an amulet of harm (around neck)
 q - a ring of sustain attributes (left hand)
 w - an uncursed amulet of magic regeneration {unknown}
Scrolls
 h - a scroll of remove curse
 i - a scroll of identify
 p - a scroll of fog {unknown}
 u - a scroll of magic mapping {unknown}
 v - 2 scrolls of immolation {unknown}
Potions
 k - a potion of cancellation
 s - a potion of heal wounds
Comestibles
 g - 2 bread rations
 l - 5 chunks of flesh
 n - 4 fruits
 o - 3 beef jerkies
 x - 2 meat rations


   Skills:
 + Level 2.5 Fighting
 - Level 1.7 Short Blades
 - Level 1.7 Throwing
 - Level 0.7 Dodging
 * Level 6.6 Stealth
 + Level 1.4 Spellcasting


You had 5 spell levels left.
You didn't know any spells.

Dungeon Overview and Level Annotations

Branches:
Dungeon (3/15)

Altars:
Vehumet


Innate Abilities, Weirdness & Mutations

You have extremely sharp teeth.
Your natural rate of healing is unusually fast.
When hurt, damage is shared between your health and your magic reserves.
Your bite disrupts and absorbs the magic of your enemies.
Potions and wands cannot restore your health.
You are immune to rotting.


Message History

* * * LOW HITPOINT WARNING * * *
You feel sick.
* * * LOW HITPOINT WARNING * * *
You feel sick.
There is a lethal amount of poison in your body!
Drink which item? (? for menu, Esc to quit)
That would not heal you.
There is a lethal amount of poison in your body!
There is a lethal amount of poison in your body!
* * * LOW HITPOINT WARNING * * *
You feel sick.
* * * LOW HITPOINT WARNING * * *
You feel sick.
* * * LOW HITPOINT WARNING * * *
You feel sick.
* * * LOW HITPOINT WARNING * * *
You feel sick.
* * * LOW HITPOINT WARNING * * *
You feel sick.
You die...

#..#....#................
#......#.#...............
#.......#.#........8.....
#.##...###.#.............
#.......###.#.....8......
####.#### ##.#...........
#....# ##.#....8....[
###########.#...#..#.#
#@.%...#.######...
#######.#...#..#.#
##.#..........
##.#...........
##.#............
##.#.............
###.#.......#.##...
#..#....)..#.#.##.#
#.#........######'#


There were no monsters in sight!

Vanquished Creatures
  A worker ant zombie (D:3)
  2 adders (D:3)
  An ooze (D:3)
  A worm (D:3)
  2 dart slugs
  2 giant geckos
  An orc (D:3)
  7 bats
  5 giant cockroaches
  7 hobgoblins
  4 jackals (D:3)
  7 kobolds
  A quokka (D:3)
  A giant newt (D:2)
  4 goblins
  5 rats
51 creatures vanquished.

Notes
Turn   | Place    | Note
--------------------------------------------------------------
     0 | D:1      | Oddball22 the Vine Stalker Assassin began the quest for the Orb.
     0 | D:1      | Reached XP level 1. HP: 11/11 MP: 2/2
   135 | D:1      | Reached skill level 5 in Stealth
   159 | D:1      | Reached XP level 2. HP: 9/15 MP: 0/4
   492 | D:1      | Reached skill level 1 in Spellcasting
  1077 | D:2      | Reached XP level 3. HP: 18/18 MP: 5/5
  1744 | D:3      | Reached skill level 6 in Stealth
  1744 | D:3      | Reached XP level 4. HP: 11/23 MP: 6/6
  1950 | D:3      | Found a radiant altar of Vehumet.
  2429 | D:3      | HP: 1/23 [poisoned by an adder]
  2433 | D:3      | Succumbed to an adder's poison

Vault maps used:
D:1:      onia_arrival_mini_spirals, minmay_unequal
D:2:      grunt_decor_arrowhead
D:3:      wad_pebble_path, vehumet_crystals

Skill      XL: |  1  2  3 |
---------------+----------+-----
Stealth        | 5 6 |  6.6
Fighting       | 2 |  2.5
Spellcasting   | 1 |  1.4
Short Blades   | |  1.7
Throwing       | |  1.7
Dodging        | |  0.7

Action                   |  1- 3 |  4- 6 || total
-------------------------+-------+-------++-------
Melee: Dagger            |   127 |    80 ||   207
  Use: Scroll            |     5 |       ||     5
       Potion            |     1 |       ||     1
 Stab: Sleeping          |    10 |     3 ||    13
  Eat: Chunk             |     3 |     2 ||     5
